[Event "4NCL Div 2 2024-25"]
[Site "England"]
[Date "2025.02.16"]
[Round "6.1"]
[White "Richardson, John R"]
[Black "Hobson, Kenneth"]
[Result "0-1"]
[Annotator "ChessBase"]
[ECO "D02"]
[WhiteElo "2287"]
[BlackElo "2152"]
[PlyCount "64"]
[EventDate "2024.11.23"]
[EventType "team-tourn"]
[EventCountry "ENG"]
[SourceTitle "playchess.com"]
[Source "ChessBase"]
[SourceQuality "1"]
[TimeControl "40/6000+30:3000+30"]

1. Nf3 Nf6 2. d4 d5 3. g3 Nbd7 4. Bg2 Nb6 5. O-O Bf5 6. Nbd2 e6 7. b3 Be7 8. Bb2 O-O 9. Ne5 a5 10. c4 a4 11. f3 Bb4 12. Nb1 Bxb1 13. Rxb1 a3 14. Ba1 c5 15. Nd3 dxc4 16. Nxb4 cxb4 17. bxc4 Nxc4 18. Qd3 b5 19. Rxb4 Qa5 20. Rfb1 Rab8 21. e4 Rfc8 22. Bf1 h6 23. R1b3 Ne8 24. Qd1 Ne3 25. Qb1 Nc2 26. d5 Qb6+ 27. Kh1 Nxb4 28. Rxb4 Qf2 29. Bd4 Qd2 30. dxe6 fxe6 31. Qb3 Kf7 32. Be3 Qe1 0-1

[Event "4NCL Div 2 2024-25"]
[Site "England"]
[Date "2025.02.16"]
[Round "6.1"]
[White "Fava, Lorenzo"]
[Black "Korshunov, Sergey And."]
[Result "1-0"]
[Annotator "ChessBase"]
[ECO "E43"]
[WhiteElo "2269"]
[BlackElo "2330"]
[PlyCount "81"]
[EventDate "2024.11.23"]
[EventType "team-tourn"]
[EventCountry "ENG"]
[SourceTitle "playchess.com"]
[Source "ChessBase"]
[SourceQuality "1"]
[TimeControl "40/6000+30:3000+30"]

1. d4 Nf6 2. c4 e6 3. Nf3 b6 4. Nc3 Bb4 5. e3 Ne4 6. Qc2 f5 7. Bd3 O-O 8. O-O Bxc3 9. bxc3 Bb7 10. Nd2 Qh4 11. f3 Nxd2 12. Bxd2 d6 13. a4 Nc6 14. e4 fxe4 15. Bxe4 Na5 16. Rfe1 Bxe4 17. Rxe4 Qf6 18. Rae1 Nxc4 19. Bc1 e5 20. Qe2 Qf7 21. dxe5 Nxe5 22. c4 Ng6 23. Bb2 Rad8 24. h4 d5 25. Rg4 Rfe8 26. Qf2 Rxe1+ 27. Qxe1 h5 28. Rg5 c5 29. Qg3 d4 30. Rxg6 Re8 31. f4 Re3 32. Rxg7+ Qxg7 33. Qxe3 Qg4 34. Qe8+ Kh7 35. Qf7+ Kh8 36. Qf6+ Kh7 37. f5 Qe2 38. Qg6+ Kh8 39. Qh6+ Kg8 40. Qg5+ Kf8 41. Qf6+ 1-0

[Event "4NCL Div 2 2024-25"]
[Site "England"]
[Date "2025.02.16"]
[Round "6.2"]
[White "Taylor, Adam A"]
[Black "Dunn, Maxim"]
[Result "1-0"]
[Annotator "ChessBase"]
[ECO "A06"]
[WhiteElo "2258"]
[BlackElo "1934"]
[PlyCount "129"]
[EventDate "2024.11.23"]
[EventType "team-tourn"]
[EventCountry "ENG"]
[SourceTitle "playchess.com"]
[Source "ChessBase"]
[SourceQuality "1"]
[TimeControl "40/6000+30:3000+30"]

1. Nf3 d5 2. b3 Bg4 3. e3 Nf6 4. Bb2 c6 5. h3 Bh5 6. d4 Nbd7 7. Nbd2 e6 8. Be2 Bd6 9. Ne5 Bxe2 10. Qxe2 Qc7 11. f4 Ne4 12. Nxe4 dxe4 13. O-O O-O 14. c4 Rad8 15. Rad1 f6 16. Nxd7 Qxd7 17. a3 a6 18. Qc2 f5 19. Rd2 Qe7 20. b4 b5 21. Qb3 g5 22. Qc3 gxf4 23. exf4 Kf7 24. d5 cxd5 25. cxd5 Rg8 26. Rfd1 Rg6 27. dxe6+ Rxe6 28. Rd5 e3 29. Qd3 e2 30. Re1 Re4 31. Be5 Bxe5 32. Rxd8 Bd4+ 33. Rxd4 Qa7 34. Rxe2 Qxd4+ 35. Qxd4 Rxd4 36. Rc2 Rxf4 37. Rc6 Rd4 38. Rxa6 Rd3 39. Kf2 Rb3 40. Ke2 f4 41. h4 Kg7 42. Ra5 Kf6 43. Rxb5 Rxa3 44. Rh5 Kg6 45. Rg5+ Kf6 46. b5 h6 47. Rh5 Kg6 48. Rd5 Rb3 49. Rc5 Ra3 50. Re5 Rb3 51. Rd5 Rg3 52. h5+ Kf6 53. Rd6+ Kf5 54. Rg6 Rb3 55. b6 Ke4 56. Kd2 Rb5 57. Rxh6 Rb2+ 58. Kc3 Rxg2 59. Rg6 Rg3+ 60. Kc2 f3 61. Rxg3 f2 62. b7 f1=Q 63. b8=Q Qe2+ 64. Kb1 Qd1+ 65. Ka2 1-0

[Event "4NCL Div 2 2024-25"]
[Site "England"]
[Date "2025.02.16"]
[Round "6.2"]
[White "Khoury, Theo"]
[Black "Babu, Rahul"]
[Result "1-0"]
[Annotator "ChessBase"]
[ECO "B82"]
[WhiteElo "2194"]
[BlackElo "2169"]
[PlyCount "61"]
[EventDate "2024.11.23"]
[EventType "team-tourn"]
[EventCountry "ENG"]
[SourceTitle "playchess.com"]
[Source "ChessBase"]
[SourceQuality "1"]
[TimeControl "40/6000+30:3000+30"]

1. e4 c5 2. Nf3 e6 3. d4 cxd4 4. Nxd4 Nc6 5. Nc3 Qc7 6. Be3 a6 7. a3 Nf6 8. f4 d6 9. Qf3 Be7 10. O-O-O Nxd4 11. Bxd4 e5 12. fxe5 dxe5 13. Qg3 Ng4 14. Nd5 Qd6 15. Bc3 Be6 16. Nf6+ Nxf6 17. Rxd6 Bxd6 18. Bd3 Nh5 19. Qg5 g6 20. Rf1 O-O 21. Be2 f6 22. Qd2 Rad8 23. Bxh5 gxh5 24. Qh6 Bg4 25. h3 Be2 26. Rf2 Bc4 27. Rxf6 Bc5 28. Qg5+ Kh8 29. Rxf8+ Rxf8 30. Bxe5+ Rf6 31. Bxf6# 1-0

[Event "4NCL Div 2 2024-25"]
[Site "England"]
[Date "2025.02.16"]
[Round "6.3"]
[White "Snape, Ian L"]
[Black "Pozimski, Szymon"]
[Result "1-0"]
[Annotator "TA"]
[ECO "A13"]
[WhiteElo "2061"]
[BlackElo "2003"]
[PlyCount "73"]
[EventDate "2024.11.23"]
[EventType "team-tourn"]
[EventCountry "ENG"]
[SourceTitle "playchess.com"]
[Source "ChessBase"]
[SourceQuality "1"]
[TimeControl "40/6000+30:3000+30"]

1. c4 e6 2. g3 Nf6 3. Bg2 d5 4. Nf3 d4 5. d3 Bb4+ 6. Nbd2 {[%emt 0:00:00] Threatening Qa4+. A13: English Opening: 1...e6.} a5 7. O-O O-O (7... Nc6 $142 $1) 8. Ne5 {[%emt 0:00:00] The position is equal.} Nbd7 9. Ndf3 $146 ({Predecessor:} 9. Nxd7 Qxd7 10. Nf3 Bc5 11. e3 Rd8 12. e4 h6 13. e5 Nh7 14. h4 Rb8 15. Nd2 {½-½ Giri,A (2731)-Oparin,G (2660) Titled Tuesday intern op 07th Jan Early blitz 2025 (10)}) 9... a4 10. Nxd7 Qxd7 11. e4 dxe3 12. Bxe3 Be7 13. d4 c5 14. Qe2 Qc7 15. Rfd1 b6 16. Bf4 Qa7 17. d5 ({White should try} 17. Ne5 $16 {And now Nc6 would win.} Bb7 18. Nc6 Bxc6 19. Bxc6) 17... exd5 $14 18. cxd5 {[%emt 0:00:00][%csl Od5] White has a strong passed pawn} Ba6 19. Qc2 {[%emt 0:00:00] White is more active.} Bb7 {[%emt 0:03:43] [#]} (19... Nh5 $16) 20. Ne5 $1 $36 {[%emt 0:00:00][%mdl 2048] White has strong initiative.} Bd8 21. Nc6 Bxc6 22. dxc6 Bc7 23. Qf5 Bxf4 24. Qxf4 (24. gxf4 $6 Qc7 $14) 24... Rac8 25. Rd6 (25. Re1 $18) 25... b5 $2 {[%emt 0:02:37] This costs Black the game.} (25... Qc7 $16 {was necessary.} 26. Re1 a3 27. bxa3 Rfe8 28. Rxe8+ Nxe8) 26. Rad1 Qe7 27. Bh3 Rc7 {[%emt 0:00:26] [#]} 28. Bf5 $1 Ne8 29. Rd7 Rxd7 30. Rxd7 ({Weaker is} 30. cxd7 Nf6 31. Qc7 Rd8 $18) 30... Qe1+ 31. Kg2 {[%emt 0:00:00] White is clearly winning.} Qa5 32. c7 Nf6 33. Rd1 Qa8+ 34. Kg1 h6 35. Qd6 Re8 36. Qxc5 g6 37. c8=Q {[%emt 0:00:00] Weighted Error Value: White=0.50/Black=0.89  Loses game:     	---       	Black=1      Mistake:       	White=2     	Black=2      Inaccurate:     	White=2     	Black=7      OK:         	White=8     	Black=9      Best:        	White=2     	Black=1      Strong:       	White=1     	---} 1-0

[Event "4NCL Div 2 2024-25"]
[Site "England"]
[Date "2025.02.16"]
[Round "6.3"]
[White "Cole, James"]
[Black "Verbytski, Oleg"]
[Result "1/2-1/2"]
[Annotator "TA"]
[ECO "B53"]
[WhiteElo "1974"]
[BlackElo "1968"]
[PlyCount "64"]
[EventDate "2024.11.23"]
[EventType "team-tourn"]
[EventCountry "ENG"]
[SourceTitle "playchess.com"]
[Source "ChessBase"]
[SourceQuality "1"]
[TimeControl "40/6000+30:3000+30"]

1. e4 c5 2. Nf3 d6 3. d4 cxd4 4. Qxd4 Nc6 5. Bb5 Bd7 6. Bxc6 Bxc6 7. Nc3 Nf6 8. Bg5 e6 9. O-O-O Be7 10. Qd3 Qa5 11. h4 h6 12. Bd2 Qc7 {[%emt 0:00:18] B53: Sicilian: 2...d6: Lines with Qxd4.} 13. Nd4 a6 14. f4 Ng4 $146 ({Predecessor:} 14... d5 15. e5 Nd7 16. Qg3 O-O-O 17. Qxg7 Bc5 18. Nce2 Bxd4 19. Nxd4 Nc5 20. Qg3 Rdg8 {1-0 Nemeth,M (2488)-Neugebauer,M (2481) SVK-chT 1920 2019 (2.4)}) 15. Qe2 {[%emt 0:06:47] Prevents Nf2.} h5 16. f5 e5 17. Nf3 Rc8 18. Kb1 b5 {[%emt 0:03:52] [#] and ...b4 should not be overlooked} 19. Bg5 f6 20. Bc1 Qa7 21. Rhf1 b4 22. Nd5 Bb5 23. Qd2 Bxf1 24. Rxf1 a5 25. Qd3 Qb7 (25... Bd8 $15) 26. Nd2 $1 $11 Qc6 27. b3 Kf7 28. Nc4 {[%emt 0:00:47] Excellent horsemanship.} Qc5 29. Qe2 Ra8 30. Nce3 Nxe3 (30... a4 $1 $11) 31. Bxe3 $14 Qc6 32. Rg1 {[%emt 0:01:37] Some like it hot. White is much more active.} ({White should try} 32. g4 $16) 32... a4 {[%emt 0:01:59] Weighted Error Value: White=0.12 (very precise) /Black=0.15 (very precise)   Mistake:       	White=1     	Black=2      Inaccurate:     	White=1     	Black=1      OK:         	White=9     	Black=9      Strong:       	White=1     	---} 1/2-1/2

[Event "4NCL Div 2 2024-25"]
[Site "England"]
[Date "2025.02.16"]
[Round "6.4"]
[White "Manley, Jon P"]
[Black "Baltrunas, Evaldas"]
[Result "1-0"]
[Annotator "TA"]
[ECO "C00"]
[WhiteElo "2072"]
[BlackElo "1995"]
[PlyCount "78"]
[EventDate "2024.11.23"]
[EventType "team-tourn"]
[EventCountry "ENG"]
[SourceTitle "playchess.com"]
[Source "ChessBase"]
[SourceQuality "1"]
[TimeControl "40/6000+30:3000+30"]

1. e4 c5 2. Nf3 e6 3. d3 Nc6 4. g3 d5 5. Qe2 Nf6 6. Bg2 Be7 7. O-O O-O 8. e5 Nd7 9. h4 Qc7 {[%emt 0:01:10][%cal Rd7e5] C00: French: Unusual White 2nd moves.} 10. Re1 b5 11. Bf4 Bb7 {[%emt 0:00:44] Black has an edge.} 12. c3 Rfc8 13. Nbd2 a5 14. h5 h6 15. Nh2 Qd8 16. Ng4 Bf8 17. Nf3 b4 18. c4 $146 {[%emt 0:09:41] and cxd5 would now be decisive} ({Predecessor:} 18. Qd2 a4 19. c4 Ne7 20. Nh4 Ra7 21. Rad1 Nb6 22. Qc1 Kh8 23. Nh2 Qe8 24. N4f3 dxc4 25. dxc4 {1-0 Paichadze,L (2564)-Garifullina,L (2106) Moscow ACF Botvinnik Memorial 2018 (4.4)}) 18... Ne7 (18... Nb6 $17) 19. Ne3 $11 Nb6 20. g4 Ba6 (20... Nc6 $15) 21. b3 a4 22. g5 axb3 23. axb3 Bb7 24. gxh6 gxh6 25. Ng4 {[%emt 0:00:53][%csl Oh6] White attacks a weakness} Nf5 26. Qd2 dxc4 (26... Rxa1 {simplifies} 27. Rxa1 dxc4 28. dxc4 Bxf3 29. Qxd8 Rxd8 30. Bxf3 Bg7) 27. bxc4 (27. dxc4 $11 Qxd2 28. Nxd2 Bxg2 29. Kxg2) 27... Rxa1 {[%emt 0:10:58] NOTEXT-51077 Black (b4)} 28. Rxa1 Ra8 (28... Nd7 $11) 29. Rd1 $17 {[%emt 0:00:51][%cal Rf4h6] [#]} Kh7 ({Black should play} 29... Na4 $1 $17 {[%cal Ra4c3] White must now prevent ...Nc3.} 30. Bxh6 Nc3 (30... Bxf3 31. Bxf3 Ra6 32. Bxf8 $16)) 30. Nf6+ Kh8 31. Ng4 {[%emt 0:01:01] [#]} (31. d4 $11 {remains equal.}) 31... b3 $1 32. Qb2 (32. Rb1 $17) 32... Nd4 $2 (32... Bxf3 $19 33. Bxf3 Nd4 34. Bxa8 Na4) 33. Nxd4 $11 Bxg2 34. Kxg2 (34. Nxb3 $2 Bf3 35. Nf6 Bxd1 $19) 34... Qxd4 35. Qxd4 cxd4 36. Rb1 (36. Bxh6 $2 b2 37. Rb1 Na4 $19) 36... Ra3 (36... Nd7 $11) 37. Bc1 $1 $18 (37. Bxh6 $2 {perishes.} Bxh6 38. Nxh6 Kg7 $19) (37. Nxh6 Na4 38. Nxf7+ Kg8 $19) 37... b2 38. Rxb2 ({Inferior is} 38. Bxb2 Rb3 $11 (38... Rxd3 39. Bc1 $14)) 38... Bc5 {[%emt 0:00:52] [#]} (38... Ra1 $142 39. Bxh6 (39. Nxh6 Rxc1 40. Nxf7+ Kg8 $16) 39... Bxh6 40. Rxb6 Bd2) 39. Rxb6 $1 {[%emt 0:01:30][%mdl 512] Rb8+ would kill now.} Kh7 {[%emt 0:00:00] Weighted Error Value: White=0.26 (precise) /Black=0.69  Loses game:     	White=1     	Black=1      Missed win:     	---       	Black=1      Mistake:       	White=2     	Black=5      Inaccurate:     	White=2     	Black=3      OK:         	White=9     	Black=8      Best:        	White=2     	Black=1      Strong:       	White=1     	Black=1      Brilliant:      	White=1     	---} (39... Ra8 40. Rb7) 1-0

[Event "4NCL Div 2 2024-25"]
[Site "England"]
[Date "2025.02.16"]
[Round "6.4"]
[White "Lishoy Gengis Paratazham, Dildarav"]
[Black "Hughes, Roy"]
[Result "1/2-1/2"]
[Annotator "TA"]
[ECO "E09"]
[WhiteElo "2045"]
[BlackElo "2008"]
[PlyCount "56"]
[EventDate "2024.11.23"]
[EventType "team-tourn"]
[EventCountry "ENG"]
[SourceTitle "playchess.com"]
[Source "ChessBase"]
[SourceQuality "1"]
[TimeControl "40/6000+30:3000+30"]

1. c4 c6 2. Nf3 d5 3. g3 Nf6 4. Bg2 e6 5. b3 Be7 6. Bb2 Nbd7 7. O-O O-O 8. Qc2 Re8 9. d4 b6 10. Nbd2 Bb7 11. Rfd1 {[%emt 0:15:13] E09: Closed Catalan: Main Line: 7 Qc2 c6 8 Nbd2.} Rc8 12. e4 dxe4 13. Nxe4 {[%emt 0:00:09] The position is equal.} Nxe4 14. Qxe4 Nf6 15. Qe2 Qc7 16. Ne5 c5 17. Bxb7 $146 ({Predecessor:} 17. dxc5 Bxc5 18. Rd3 Bxg2 19. Kxg2 Red8 20. Rad1 Rxd3 21. Qxd3 Be7 22. Qf3 h6 23. Ng4 Nxg4 24. Qxg4 {1-0 Behling,R (2032)-Bruening,M (1840) Arco op 46th 2024 (4)}) 17... Qxb7 18. Qf3 (18. dxc5 {seems wilder.} Bxc5 19. Rd3 Red8 20. Rad1) 18... Qxf3 19. Nxf3 Red8 20. Kf1 h6 21. Rac1 Kf8 22. Ke2 Ke8 23. h4 a5 24. a4 Kf8 25. dxc5 Bxc5 26. Bd4 Ne4 27. Bxc5+ Nxc5 28. Rxd8+ Rxd8 {[%emt 0:00:06] Weighted Error Value: White=0.15 (very precise) /Black=0.10 (very precise)   Inaccurate:     	White=1     	Black=1      OK:         	White=2     	Black=3} 1/2-1/2

[Event "4NCL Div 2 2024-25"]
[Site "England"]
[Date "2025.02.16"]
[Round "6.5"]
[White "Duggan, John E"]
[Black "Hariharan, Shambavi"]
[Result "1/2-1/2"]
[Annotator "TA"]
[ECO "E11"]
[WhiteElo "2028"]
[BlackElo "1940"]
[PlyCount "46"]
[EventDate "2024.11.23"]
[EventType "team-tourn"]
[EventCountry "ENG"]
[SourceTitle "playchess.com"]
[Source "ChessBase"]
[SourceQuality "1"]
[TimeControl "40/6000+30:3000+30"]

1. d4 Nf6 2. Nf3 e6 3. c4 d5 4. e3 Bb4+ 5. Bd2 Bxd2+ 6. Nbxd2 Nbd7 7. Rc1 {[%emt 0:02:38] E11: Bogo-Indian.} c6 8. Bd3 Qe7 9. cxd5 {[%emt 0:05:37] White is more active.} (9. O-O $16) 9... exd5 $11 {[%emt 0:00:29] The position is equal.} 10. Qc2 O-O 11. O-O Re8 12. Bf5 $146 ({Predecessor:} 12. a3 a5 13. e4 dxe4 14. Bxe4 Nxe4 15. Nxe4 Nf6 16. Nc5 Bg4 17. Rfe1 Qc7 18. Ne5 {0-1 Cuartas,J (2513)-Defromont,B (2268) Andorra op 38th 2022 (2)}) 12... g6 13. Bxd7 Bxd7 14. Ne5 Ng4 15. Nxd7 Qxd7 16. Nf3 Nh6 17. Ne5 Qe6 18. h3 Kg7 19. Rfe1 Nf5 20. Nd3 Nd6 21. Nc5 Qe7 22. Re2 a5 23. b3 Ne4 {[%emt 0:06:32] Weighted Error Value: White=0.08 (flawless) /Black=0.04 (flawless)   Mistake:       	White=1     	---        OK:         	White=6     	Black=5} 1/2-1/2

[Event "4NCL Div 2 2024-25"]
[Site "England"]
[Date "2025.02.16"]
[Round "6.5"]
[White "Gilmore, Simon N"]
[Black "Nicholas, Koichi B"]
[Result "1/2-1/2"]
[Annotator "NA"]
[ECO "C45"]
[WhiteElo "1959"]
[BlackElo "2089"]
[PlyCount "67"]
[EventDate "2024.11.23"]
[EventType "team-tourn"]
[EventCountry "ENG"]
[SourceTitle "playchess.com"]
[Source "ChessBase"]
[SourceQuality "1"]
[TimeControl "40/6000+30:3000+30"]

1. e4 e5 2. Nf3 Nc6 3. d4 exd4 4. Nxd4 Nf6 5. Nxc6 bxc6 6. Nc3 d5 7. exd5 cxd5 8. Bd3 Bg4 9. f3 Be6 10. O-O Bc5+ 11. Kh1 O-O 12. Bg5 Rb8 13. Qd2 Be7 14. b3 Nh5 15. Bxe7 Qxe7 16. Rfe1 c6 17. Ne2 c5 18. c3 Rfd8 19. Rac1 Qh4 20. Kg1 g6 21. Qe3 Rbc8 22. Qe5 Re8 23. g3 Qd8 24. Nf4 Ng7 25. Nxe6 Rxe6 26. Qf4 Qe7 27. Kf2 Re8 28. Qd2 Qf6 29. Bb5 Rd8 30. Rcd1 Red6 31. Qe3 Ne6 32. Qe5 Kg7 33. f4 h6 34. Bf1 1/2-1/2

[Event "4NCL Div 2 2024-25"]
[Site "England"]
[Date "2025.02.16"]
[Round "6.6"]
[White "Murawski, Jan"]
[Black "Nguyen, Thu Giang"]
[Result "1-0"]
[Annotator "TA"]
[ECO "A28"]
[WhiteElo "2065"]
[BlackElo "2049"]
[PlyCount "49"]
[EventDate "2024.11.23"]
[EventType "team-tourn"]
[EventCountry "ENG"]
[SourceTitle "playchess.com"]
[Source "ChessBase"]
[SourceQuality "1"]
[TimeControl "40/6000+30:3000+30"]

1. c4 Nf6 2. Nc3 e5 3. Nf3 Nc6 4. e4 Bc5 5. Nxe5 Nxe5 6. d4 Bb4 7. dxe5 Nxe4 8. Qf3 {[%emt 0:00:02] 8.Qf3 scores better than 8.Qd4. A28: English Opening: Four Knights Variation.} Nxc3 9. bxc3 Ba5 10. Bf4 {[%emt 0:00:42][%cal Bc1f4,Bf4g5,Bg5f6][%mdl 32] The position is equal.} Qe7 {[%emt 0:05:22] [#] White must now prevent ...d6.} 11. Be2 O-O 12. O-O Rb8 13. Qg3 $146 ({Predecessor:} 13. Rad1 Bb6 14. Bd3 Bc5 15. Rfe1 b6 16. Qh5 g6 17. Qh6 f6 18. Be4 Bb7 19. exf6 Qxf6 20. Rxd7 {1-0 Zhukova,N (2328)-Vantika,A (2286) PNWCC Online blitz JP 11th 2020 (8)}) 13... Qe6 14. Bg5 {[%emt 0:22:07] Strongly threatening Bf6. White is more active.} Kh8 15. Bd3 $40 {[%emt 0:11:42][%mdl 128] White is up to no good.} Re8 $2 {[%emt 0:18:35][%mdl 8192] This costs Black the game.} (15... h6 $14 16. Qh4 Kg8 (16... Bxc3 $2 {too greedy.} 17. Bf6 $18) (16... Qxe5 $2 17. Bxh6 g6 18. Rfe1 $18)) 16. Qh4 $18 h6 {[%emt 0:06:40][%cal Bh7h6,Bh6h5][%mdl 32] [#]} 17. Bf6 $1 Kg8 (17... Qxf6 18. exf6) 18. Qg3 g5 19. h4 d6 20. hxg5 h5 21. g6 {[%emt 0:02:25] gxf7+ would kill now.} Qg4 22. Qe3 {[%emt 0:01:02] White mates.} (22. gxf7+ Kxf7 23. Rae1 Qxg3 24. fxg3 Bg4 $18) 22... fxg6 23. Qh6 Kf7 24. Qg7+ Ke6 25. Bxg6 {[%emt 0:00:15] Weighted Error Value: White=0.03 (flawless) /Black=1.20  Loses game:     	---       	Black=1      Inaccurate:     	---       	Black=1      OK:         	White=1     	Black=3      Best:        	White=2     	---} ({Not} 25. Qxg6 Qxg6 26. Bxg6 Rg8 $16) 1-0

[Event "4NCL Div 2 2024-25"]
[Site "England"]
[Date "2025.02.16"]
[Round "6.6"]
[White "Alizada, Eldar"]
[Black "Gibbs, Dominic V"]
[Result "0-1"]
[Annotator "TA"]
[ECO "A41"]
[WhiteElo "1998"]
[BlackElo "1980"]
[PlyCount "116"]
[EventDate "2024.11.23"]
[EventType "team-tourn"]
[EventCountry "ENG"]
[SourceTitle "playchess.com"]
[Source "ChessBase"]
[SourceQuality "1"]
[TimeControl "40/6000+30:3000+30"]

1. d4 d6 2. c4 e5 3. d5 f5 4. g3 Nf6 5. Bg2 g6 6. Nc3 {[%emt 0:01:00] A41: 1 d4 d6: Tartakower System and Modern Defence.} Bg7 7. Bg5 Nbd7 8. e4 {[%emt 0:04:36] The position is equal.} h6 9. Bxf6 Nxf6 10. Nge2 (10. exf5 $11 gxf5 11. Nf3) 10... O-O 11. O-O {[%emt 0:03:02] [#]} f4 $146 ({Predecessor:} 11... g5 12. f3 Qe8 13. exf5 Bxf5 14. Ne4 Qg6 15. N2c3 Rf7 16. Nxf6+ Bxf6 17. Ne4 Raf8 {1-0 Van der Zwaag,B-Fleur,T Sneek FSB-ch 2013 (2)}) 12. Qd3 (12. f3 Nh5) 12... g5 13. Rfe1 Qe8 14. b4 ({White should try} 14. Rf1 $15) 14... Qh5 $17 15. f3 {[%emt 0:14:57] Repels Ng4} g4 16. Rf1 gxf3 {[%emt 0:05:39][%csl Of3] Black has a strong passed pawn} 17. Bxf3 Ng4 18. Bxg4 Bxg4 19. Rf2 f3 {[%emt 0:13:54] Black attacks} (19... Rf7 $19 {and Black stays clearly on top.} 20. c5 Raf8) 20. Nc1 Qg6 21. Nb3 Rf7 22. Nd2 Raf8 23. Nd1 (23. Raf1 $142) 23... h5 $1 {[%emt 0:00:26][%cal Oh5h4] Black is more active.} 24. h4 (24. Ne3 $17) 24... Bh6 $19 25. Ne3 Bh3 26. Kh2 {[%emt 0:05:59] [#]} Rg7 $1 27. Rg1 Bxe3 $2 ({Black should play} 27... Rf4 $1 $19 {[%cal Of4h4] Hoping for ...Rxh4!.} 28. b5 (28. Kxh3 $2 Rxh4+ 29. Kxh4 Bxe3 $19) 28... Rxh4 29. Nxf3 Rxe4 (29... Qxe4 30. Qxe4 Rxe4 31. Kxh3 $17)) 28. Qxe3 $15 Bg2 $40 {[%emt 0:01:12][%mdl 128] Black attacks. The board is on fire.} 29. Rgxg2 fxg2 30. Rxf8+ Kxf8 31. Kxg2 {[%emt 0:00:12][%cal Oe3e1][%mdl 4096] Endgame KQR-KQN} Qg4 32. Qf2+ (32. Qf3+ $17 Ke7 33. Nf1) 32... Kg8 33. Kh2 b6 34. a4 (34. Qf3 $17 {was necessary.}) 34... Qd1 35. a5 Rf7 36. Qe3 Qg4 (36... bxa5 $1 $19 37. bxa5 Rf6) 37. Kg2 (37. a6 $17) 37... Rg7 $1 $19 38. Kh2 Qd1 $2 (38... bxa5 $19 39. bxa5 Qd1) 39. Nf3 $2 (39. Qf2 $1 $11 {and White has nothing to worry.}) 39... Qc2+ 40. Kh3 (40. Nd2 $142) 40... Qxc4 41. Ng5 {[%emt 0:50:30] [#]} (41. Kh2 $142) 41... Qf1+ $1 (41... Qxb4 42. Qe2 $17) 42. Kh2 {[%emt 0:00:00] [#] White does not recover from this.} Rg6 $1 ({Not} 42... bxa5 43. Qxa7 axb4 (43... Qe2+ 44. Kh3 $17) 44. Qb8+ Qf8 45. Qxb4 $17) 43. Ne6 Kh8 44. Ng5 Rf6 {[%emt 0:03:08] Prevents Qf3.} 45. Nh3 {[%emt 0:00:00] Prevents Rf2+} Qf3 46. Qe1 Qd3 47. Kg2 (47. Nf2 $142 Qb3 48. a6) 47... Rf3 48. Ng5 Re3 49. Qc1 Qe2+ 50. Kh1 Qe1+ (50... Rxg3 $142 51. Qg1 Rxg1+ 52. Kxg1 Qg4+ 53. Kf1 Qxh4 54. axb6 Qxg5 55. bxa7 Qc1+ 56. Ke2 Qb2+ 57. Kf1 Qa1+ (57... Qxb4 $2 58. a8=Q+ Kg7 59. Qd8 $19) 58. Kf2 Qxa7+ 59. Kf3 h4 (59... Qa3+ {leads to mate.} 60. Ke2 h4 61. Kf2 h3 62. b5 Qd3 63. b6 cxb6 64. Ke1 Qc2 65. Kf1 h2 66. Ke1 h1=Q#) 60. b5 Qd4 (60... Qa3+ 61. Kf2 h3 62. b6 cxb6 63. Ke2 h2 64. Kf2 h1=Q 65. Ke2 Qh2+ 66. Kf1 Qc1#) 61. Kg2 Qe3 (61... Qxe4+ 62. Kh3 Kg8 63. b6 cxb6 64. Kh2 Qf3 65. Kg1 h3 66. Kh2 Qg2#) 62. b6 h3+ (62... cxb6 63. Kf1 Qd2 64. Kg1 h3 65. Kf1 Kh7 66. Kg1 Qg2#) 63. Kf1 h2 (63... Qxb6 64. Ke2 h2 65. Kf3 h1=Q+ 66. Kg4 Qbg1+ 67. Kf5 Qh7+ 68. Kf6 Qgg6#) (63... Qf3+ 64. Ke1 h2 65. Kd2 h1=Q 66. Kc2 Qh2+ 67. Kc1 Qfh1#) 64. Kg2 Qe2+ (64... cxb6 65. Kxh2 b5 66. Kg2 b4 67. Kf1 b3 68. Kg2 b2 69. Kh2 b1=Q 70. Kg2 Qbg1#) (64... Qg1+ 65. Kf3 h1=Q+ 66. Ke2 Qxe4+ 67. Kd2 Qge1#) 65. Kh1 Qf2 66. bxc7 Qg1#) 51. Qxe1 Rxe1+ {[%emt 0:00:05] KR-KN} 52. Kg2 bxa5 53. bxa5 Ra1 54. Ne6 Rxa5 55. Nxc7 Ra2+ 56. Kf3 Ra3+ 57. Kf2 Rb3 58. Ne8 Rb6 {[%emt 0:00:38] Weighted Error Value: White=0.89/Black=0.26 (precise)   Loses game:     	White=2     	---        Missed win:     	---       	Black=2      Mistake:       	White=10    	Black=2      Inaccurate:     	White=6     	Black=1      OK:         	White=14    	Black=15     Best:        	White=3     	Black=4      Strong:       	---       	Black=4} 0-1